 Dungeon Sprint DCSS version 0.31-a0-366-ga77b45bd9b (webtiles) character file.

Game seed: 3144369519154950644

182 Conn the Firebug (level 5, -4/34 HPs)
             Began as an Octopode Fire Elementalist on July 28, 2023.
             Was an Initiate of Sif Muna.
             Slain by a spriggan
             ... wielding a +0 dagger
              (13 damage)
             ... in the Dungeon (Sprint IV: "Fedhas' Mad Dash").
             The game lasted 00:05:23 (459 turns).

Conn the Firebug (Octopode Fire Elementalist)        Turns: 459, Time: 00:05:24

Health: -4/34      AC:  1    Str:  7    XL:     5   Next: 61%
Magic:  3/12       EV: 14    Int: 20    God:    Sif Muna [......]
Gold:   51         SH:  0    Dex: 12    Spells: 4/14 levels left

rFire   . . .        (no weapon)
rCold   . . .        (no shield)
rNeg    . . .        (helmet restricted)
rPois   .            c - amulet of invisibility {+Inv}
rElec   .            (no ring)
rCorr   .            (no ring)
SInv    .            (no ring)
Will    .....        (no ring)
Stlth   ++++         (no ring)
HPRegen 0.25/turn    (no ring)
MPRegen 0.13/turn    (no ring)
                     (no ring)

%: no teleportation
@: very slightly contaminated
A: almost no armour, amphibious, 8 rings, camouflage 1, gelatinous body 1,
(nimble swimmer 1), tentacles
a: Renounce Religion, Evoke Invisibility


You were in the Dungeon.
You worshipped Sif Muna.
Sif Muna was noncommittal.
You visited 1 branch You collected 51 gold pieces.

Inventory:

Jewellery
 c - the amulet of invisibility (around mantle) {+Inv}
   (You found it in the Dungeon)

   [amulet of nothing]

   +Inv:      It lets you turn invisible.
Wands
 e - a wand of flame (12)
Scrolls
 f - a scroll of blinking
Potions
 a - 2 potions of magic
 b - a potion of curing
 d - a potion of haste


   Skills:
 * Level 2.0 Fighting
 + Level 4.0 Dodging
 + Level 4.6 Stealth
 - Level 0.6 Unarmed Combat
 + Level 5.0 Spellcasting
 * Level 3.2 Conjurations
 + Level 7.7 Fire Magic
 * Level 1.3 Invocations
 + Level 2.0 Evocations


You had 4 spell levels left.
You knew the following spells:

 Your Spells              Type           Power      Damage    Failure   Level
a - Foxfire               Conj/Fire      100%       2x1d9     1%          1
b - Scorch                Fire           72%        2d8       1%          2
c - Inner Flame           Hex/Fire       20%        N/A       7%          3
d - Flame Wave            Conj/Fire      27%        2d9       12%         4

Your spell library contained the following spells:

 Spells                   Type           Power      Damage    Failure   Level
 Volatile Blastmotes      Fire/Tloc      40%        2d13      7%          3


Dungeon Overview and Level Annotations

Branches:
Dungeon (1/1)

Altars:
Cheibriados
Dithmenos
Elyvilon
Gozag
Hepliaklqana
Kikubaaqudgha
Makhleb
Nemelex Xobeh
Okawaru
Qazlal
Ru
Sif Muna
Trog
Uskayaw
Vehumet
Wu Jian
Xom
Yredelemnul
Zin
The Shining One
Jiyva
Lugonu


Innate Abilities, Weirdness & Mutations

You cannot wear most types of armour.
You are amphibious.
You can wear up to eight rings at the same time.
Your skin changes colour to match your surroundings (Stealth+).
Your rubbery body absorbs attacks. (AC +1, EV +1)
((You are camouflaged when in or above water. (Stealth+)))
You have tentacles for arms and can constrict up to eight enemies at once.


Message History

Casting: Flame Wave (quite dangerous; 12% risk of failure)
Confirm with . or Enter, or press ? or * to list all spells.
Aiming: Inner Flame (dangerous; 7% risk of failure)
Press: ? - help, Dir - move target, f - spriggan
Aim: a spriggan, wielding a +0 dagger and wearing a +0 robe of willpower (wisps of flame, moderately wounded, chance to affect: 13%)
You miscast Inner Flame.
Nothing appears to happen.
The spriggan hits you with a +0 dagger!
Unknown command.
Magic courses through your body. The spriggan hits you with a +0 dagger!
Unknown command.
You feel better. The spriggan closely misses you.
Unknown command.
Casting: Inner Flame (dangerous; 7% risk of failure)
Confirm with . or Enter, or press ? or * to list all spells.
Aiming: Inner Flame (dangerous; 7% risk of failure)
Press: ? - help, Dir - move target, f - spriggan, p - spriggan
Aim: a spriggan, wielding a +0 dagger, wearing a +0 robe and wearing a +0 buckler (chance to affect: 41%)
The spriggan resists with some effort.
Casting: Inner Flame (dangerous; 7% risk of failure)
Confirm with . or Enter, or press ? or * to list all spells.
Aiming: Inner Flame (dangerous; 7% risk of failure)
Press: ? - help, Dir - move target, f - scorpion, p - spriggan
Aim: a scorpion (heavily wounded, wandering, unable to see you, hasn't noticed you, chance to affect: 75%)
The scorpion is filled with an inner flame.
You flicker back into view.
The spriggan hits you with a +0 dagger! The spriggan barely misses you.
Casting: Inner Flame (dangerous; 7% risk of failure)
Confirm with . or Enter, or press ? or * to list all spells.
The spell is quite dangerous to miscast (12% risk of failure)!
Continue anyway?
Casting: Flame Wave (quite dangerous; 12% risk of failure)
Press: ? - help, Dir - look around, f - activate A wave of flame ripples out!
The flame wave engulfs the spriggan!
The spriggan is almost dead.
The flame wave engulfs the spriggan.
The spriggan is almost dead. (Press . to intensify the flame waves.)
The spriggan hits you with a +0 dagger.
* * * LOW HITPOINT WARNING * * *
The spriggan hits you with a +0 dagger!
You die...

######################
#.⌠._._._._.⌠.#.@is..#
'.._._._._._..'.i#$.$#
#..._._._._...#..# #+#
#.._._.§._._..#.[#
#._._._._._.⌠.####
###############


You could see 2 spriggans and a scorpion (inner flame).

Vanquished Creatures
  A scorpion (D)
  3 oklob saplings (D)
  A river rat (D)
  A rat (D)
6 creatures vanquished.

Vanquished Creatures (collateral kills)
  4 foxfires (D)
4 creatures vanquished.

Vanquished Creatures (others)
  31 foxfires (D)
31 creatures vanquished.

Grand Total: 41 creatures vanquished

Notes
Turn   | Place    | Note
-------+----------+-------------------------------------------
     0 | D        | Conn the Octopode Fire Elementalist began the quest for the
                  | Orb.
     0 | D        | Reached XP level 1. HP: 11/11 MP: 3/3
    57 | D        | Reached skill level 4 in Fire Magic
    57 | D        | Reached XP level 2. HP: 5/17 MP: 1/5
   117 | D        | Noticed an oklob sapling
   128 | D        | Noticed a scorpion
   128 | D        | Found the amulet of invisibility {+Inv}
   133 | D        | Learned a level 2 spell: Scorch
   144 | D        | Killed a scorpion
   145 | D        | Reached skill level 6 in Fire Magic
   145 | D        | Reached XP level 3. HP: 15/22 MP: 1/8
   145 | D        | Reached XP level 4. HP: 18/27 MP: 1/9
   250 | D        | Learned a level 3 spell: Inner Flame
   255 | D        | Learned a level 4 spell: Flame Wave
   321 | D        | Found an opulent altar of Gozag.
   321 | D        | Found a hazy altar of Hepliaklqana.
   321 | D        | Found a burning altar of Makhleb.
   321 | D        | Found a sparkling altar of Nemelex Xobeh.
   321 | D        | Found a snail-covered altar of Cheibriados.
   321 | D        | Found a sacrificial altar of Ru.
   321 | D        | Found a shimmering blue altar of Sif Muna.
   321 | D        | Found a shimmering altar of Xom.
   321 | D        | Found a basalt altar of Yredelemnul.
   322 | D        | Found a viscous altar of Jiyva.
   322 | D        | Found a bloodstained altar of Trog.
   322 | D        | Found an ornate altar of the Wu Jian Council.
   322 | D        | Noticed an oklob sapling priest
   339 | D        | Found an iron altar of Okawaru.
   339 | D        | Found a glowing silver altar of Zin.
   339 | D        | Found a shadowy altar of Dithmenos.
   340 | D        | Found a hide-covered altar of Uskayaw.
   340 | D        | Found an ancient bone altar of Kikubaaqudgha.
   341 | D        | Found a stormy altar of Qazlal.
   341 | D        | Found a glowing golden altar of the Shining One.
   341 | D        | Found a white marble altar of Elyvilon.
   342 | D        | Found a radiant altar of Vehumet.
   342 | D        | Found a corrupted altar of Lugonu.
   351 | D        | Killed an oklob sapling priest
   352 | D        | Reached skill level 1 in Fighting
   352 | D        | Reached skill level 7 in Fire Magic
   352 | D        | Reached skill level 1 in Evocations
   352 | D        | Reached XP level 5. HP: 33/33 MP: 2/12
   353 | D        | Became a worshipper of Sif Muna the Loreminder
   445 | D        | Reached skill level 5 in Spellcasting
   445 | D        | Reached skill level 1 in Invocations
   459 | D        | Slain by a spriggan

Illustrated notes

Levels and vault maps discovered:
D:        dungeon_sprint_fedhas [sprint_temple]

Skill      XL: |  1  2  3  4  5 |
---------------+----------------+-----
Stealth        | 3 4 |  4.6
Fire Magic     | 4 6 7 |  7.7
Dodging        | 3 4 |  4.0
Spellcasting   | 3 4 5 |  5.0
Conjurations   | 2 3 |  3.2
Fighting       | 1 2 |  2.0
Evocations     | 1 2 |  2.0
Invocations    | 1 |  1.3
Unarmed Combat | |  0.6

Action                     |  1- 3 |  4- 6 || total
---------------------------+-------+-------++-------
  Melee: Unarmed           |    14 |       ||    14
         Constrict         |     4 |       ||     4
         Tentacles         |     4 |       ||     4
   Cast: Foxfire           |     8 |    10 ||    18
         Scorch            |     1 |     8 ||     9
         Inner Flame       |       |     2 ||     2
         Flame Wave        |       |     1 ||     1
Ability: Evoke Invisibilit |       |     3 ||     3
    Use: Potion            |     2 |     2 ||     4
  Dodge: Dodged            |     8 |     2 ||    10

Table legend: (Time is in decaauts)
 A = Elapsed time spent in this place.
 B = Non-inter-level travel time spent in this place.
 C = Inter-level travel time spent in this place.
 D = Time resting spent in this place.
 E = Time spent auto-exploring this place.
 F = Levels seen in this place.
 G = Mean time per level.
                   A        B        C        D        E       F      G
               +--------+--------+--------+--------+--------+-----+--------+
         Total |    466 |    466 |      0 |    282 |      0 |   1 |  466.0 |
       Dungeon |    466 |    466 |      0 |    282 |      0 |   1 |  466.0 |
               +--------+--------+--------+--------+--------+-----+--------+

Top non-repeatable levels by time:
       D: 466 daAuts
